 Dungeon Crawl Stone Soup version 0.22-a0-358-g7563fe7 (webtiles) character file.

1517889 toftt the Slayer (level 26, 160/234 HPs)
             Began as a Minotaur Berserker on Apr 6, 2018.
             Was the Champion of Trog.
             Escaped with the Orb
             ... and 3 runes on Apr 18, 2018!
             The game lasted 11:11:38 (84283 turns).

toftt the Slayer (Minotaur Berserker)              Turns: 84283, Time: 11:11:39

Health: 160/234    AC: 32    Str: 35    XL:     26   Next: 20%
Magic:  12/13      EV: 28    Int:  7    God:    Trog [******]
Gold:   694        SH:  0    Dex: 15    Spells: 25/25 levels left

rFire    + + .     SeeInvis .   b - +7 executioner's axe (antimagic)
rCold    . . .     Gourm    .   (shield currently unavailable)
rNeg     . . .     Faith    +   X - +7 plate armour {MR+}
rPois    .         Spirit   .   (helmet unavailable)
rElec    .         Reflect  .   Y - +0 cloak "Abeokowk" {Slay+3}
rCorr    .         Harm     .   n - +1 pair of gloves "Soffuxan" {+Blink Regen+ MP+9 Str+4}
MR       ++...                  A - +1 pair of boots {run}
Stlth    ..........             h - amulet of faith
HPRegen  0.89/turn              H - +5 ring of evasion
MPRegen  0.13/turn              G - ring of protection from fire

@: mighty, mildly poisoned (160 -> 155), quick
A: retaliatory headbutt, horns 3, talons 1, deformed body, deterioration 2, fire
resistance 1, frail 1, sense surroundings 1, evolution 1, no potion heal 1,
MP-powered wands
0: Orb of Zot
}: 3/15 runes: barnacled, abyssal, gossamer
a: Berserk, Trog's Hand, Brothers in Arms, Renounce Religion, Evoke Blink


You escaped.
You worshipped Trog.
Trog was exalted by your worship.
You were very full.

You visited 9 branches of the dungeon, and saw 48 of its levels.
You visited the Abyss 1 time.
You visited 1 bazaar.
You also visited: Sewer, Ice Cave and Wizlab.

You collected 5757 gold pieces.
You spent 5063 gold pieces at shops.

Inventory:

Hand Weapons
 a - the +10 battleaxe of Welfare {chop, Int+5}
   (Trog gifted it to you on level 14 of the Dungeon)

   It inflicts extra damage upon your enemies.
   It affects your intelligence (+5).
 b - a +7 antimagic executioner's axe (weapon)
 W - the +4 battleaxe of Overwhelming Force {venom, rElec SInv}
   (Trog gifted it to you on level 4 of the Shoals)

   It poisons the flesh of those it strikes.
   It insulates you from electricity.
   It lets you see invisible.
Missiles
 g - 2 throwing nets (quivered)
Armour
 n - the +1 pair of gloves "Soffuxan" (worn) {+Blink Regen+ MP+9 Str+4}
   (You bought it in a shop on level 2 of the Orcish Mines)

   It affects your strength (+4).
   It affects your magic capacity (+9).
   It lets you blink.
   It increases your rate of regeneration.
 A - a +1 pair of boots of running (worn)
 X - a +7 plate armour of magic resistance (worn)
 Y - the +0 cloak "Abeokowk" (worn) {Slay+3}
   (You bought it in a shop in a bazaar)

   It affects your accuracy and damage with ranged weapons and melee attacks
   (+3).
Jewellery
 h - an amulet of faith (around neck)
 o - the amulet of the Four Winds {rN+ MR+++ Clar}
   (You bought it in a shop on level 5 of the Depths)

   [amulet of nothing]

   It protects you from negative energy.
   It affects your resistance to hostile enchantments.
   It protects you against confusion.
 s - an uncursed ring of protection from cold
 v - an uncursed ring of see invisible
 F - the ring "Piwo" {rC+ rN+}
   (You took it off an ogre mage on level 3 of the Depths)

   [ring of protection from cold]

   It protects you from cold.
   It protects you from negative energy.
 G - a ring of protection from fire (right hand)
 H - a +5 ring of evasion (left hand)
 P - an uncursed ring of poison resistance
 R - the ring "Tolaxkou" {rF+ rN+++ Int+7 Dex-2 Stlth-}
   (You bought it in a shop on level 5 of the Depths)

   [ring of protection from fire]

   It affects your intelligence (+7).
   It affects your dexterity (-2).
   It protects you from fire.
   It renders you almost immune to negative energy.
   It makes you less stealthy.
Wands
 e - a wand of digging (34)
 f - a wand of iceblast (59)
 j - a wand of paralysis (89)
 u - a wand of flame (130)
 x - a wand of disintegration (22)
 B - a wand of enslavement (13)
 D - a wand of polymorph (31)
 L - a wand of acid (50)
Scrolls
 d - a scroll of acquirement
 k - 19 scrolls of remove curse
 l - 2 scrolls of enchant weapon
 m - 10 scrolls of immolation
 p - 8 scrolls of teleportation
 y - a scroll of fear
 E - 3 scrolls of silence
 K - 2 scrolls of holy word
 M - 3 scrolls of fog
 N - 4 scrolls of vulnerability
 O - 3 scrolls of torment
 S - 2 scrolls of blinking
 T - 8 scrolls of identify
 Z - a scroll of brand weapon
Potions
 i - 5 potions of ambrosia
 q - a potion of might
 r - 16 potions of curing
 t - 4 potions of flight
 z - 5 potions of brilliance
 C - 4 potions of berserk rage
 I - 7 potions of magic
 J - 3 potions of agility
 Q - a potion of heal wounds
Miscellaneous
 U - a box of beasts
Comestibles
 c - 25 rations


   Skills:
 + Level 26.2 Fighting
 - Level 26.0 Axes
 + Level 26.1 Armour
 + Level 22.3 Dodging
 + Level 10.8 Evocations


You had 25 spell levels left.
You didn't know any spells.

Dungeon Overview and Level Annotations

Branches:
Dungeon (15/15)            Temple (0/1) D:4            Lair (6/6) D:11
 Shoals (4/4) Lair:3       Spider (4/4) Lair:3        Slime (0/5) Lair:5
    Orc (2/2) D:11            Elf (3/3) Orc:2        Vaults (4/5) D:14
  Crypt (0/3) Vaults:2     Depths (5/5) D:15            Zot (5/5) Depths:5

Altars:
Ashenzari
Fedhas
Hepliaklqana
Kikubaaqudgha
Qazlal
Ru
Trog
Uskayaw
Wu Jian
Yredelemnul
Zin
The Shining One
Beogh

Shops:
D:15 (   Orc:1 *   Orc:2 *=[(   Elf:2 [   Vaults:3 !   Depths:5 =}=

Portals:
Hell: Depths:1 Depths:2 Depths:3 Depths:4 Depths:5
Abyss: Depths:1 Depths:4
Pandemonium: Depths:2 Depths:3 Depths:4
Ziggurat: Depths:2

Annotations:
Elf:2 3 runed doors
Vaults:4 exclusion: obsidian statue
Depths:2 1 transporter, 4 exclusions


Innate Abilities, Weirdness & Mutations

You reflexively headbutt those who attack you in melee.
You have a pair of large horns on your head.
You have sharp toenails.
Armour fits poorly on your strangely shaped body.
Your body often deteriorates upon taking damage.
Your flesh is heat resistant. (rF+)
You are frail. (-10% HP)
You passively map a small area around you.
You evolve.
Potions are less effective at restoring your health.
You expend magic power (3 MP) to strengthen your wands.


Message History

Aiming: Dig
Press: ? - help, Shift-Dir - straight line, f - you The rock shatters into small pieces.
You feel a surge of power!
Some rock shatters into small pieces.
The cacodemon gestures at the rock wall.
Some rock shatters into small pieces.
Your extra speed is starting to run out.
You feel very mighty all of a sudden.
You feel yourself slow down.
An orange demon comes into view.
The orange demon screeches!
Some rock shatters into small pieces.
You hear a grinding noise.
You hear a grinding noise.
There is an open door here.
There is a staircase leading out of the dungeon here.
The orange demon stings you from afar!
You are poisoned.
The orange demon poisons you!
You have escaped!

.......# #.########....##....
.......### #.............##....
.........#####.................##
.........'.....................#
.........#.....................#
#####....#.............#.......##
# #....#....##4##....#........#
## #....#...##...##...#........#
.# #....#...#..@..#...#........#
.# #....#...##...##...#.........
.# ######....##+##....#.......#.
.# #.....................#. .#
#..............######.## .#
#.############## #.## .#
####.####### ######... ##
#..........# #...##... #
#..........# #...##...


You could see an orange demon.

Vanquished Creatures
  2 ancient liches (Zot:5)
  4 orbs of fire (Zot:5)
  2 juggernauts
  Sojobo (Vaults:3)
  A greater mummy (WizLab)
  Saint Roka (Depths:1)
  A curse toe (Zot:5)
  3 Killer Klowns (Zot:5)
  6 golden dragons
  A caustic shrike (Depths:3)
  Jory (Depths:5)
  Nikola (D:15)
  The ghost of RoseArtemis the Slayer, an adept MiFi of Okawaru (Elf:1)
  Arachne (Spider:3)
  A bone dragon (Abyss:1)
  3 electric golems (Zot:5)
  27 Orb Guardians
  8 tentacled monstrosities
  3 titans
  Rupert (Lair:5)
  A deep elf blademaster (Elf:3)
  5 liches
  2 deep elf master archers (Elf:3)
  Asterion (Spider:1)
  5 quicksilver dragons
  5 tentacled starspawn
  3 death cobs
  The ghost of galech the Brawler, an adept TrMo of Okawaru (Elf:1)
  6 sphinxes
  A kraken (Shoals:2)
  4 shadow dragons
  Gastronok (Orc:1)
  4 tengu reavers
  8 storm dragons
  6 fire giants
  Ilsuiw (Shoals:4)
  6 vault wardens
  6 draconian monks
  5 draconian knights
  8 deep elf sorcerers
  2 draconian scorchers
  9 frost giants
  3 ghost moths
  Louise (Spider:2)
  2 draconian stormcallers
  6 deep elf elementalists
  12 ironheart preservers
  2 emperor scorpions (Spider:4)
  3 draconian shifters
  4 entropy weavers
  3 draconian annihilators
  16 stone giants
  7 very ugly things
  3 vampire knights
  A juggernaut skeleton (Depths:3)
  10 green draconians
  5 black draconians
  12 yellow draconians
  7 red draconians
  6 deep elf demonologists
  10 spark wasps
  Nessos (Lair:6)
  6 deep elf annihilators
  6 white draconians
  4 purple draconians
  22 ettins
  5 merfolk javelineers
  8 deep elf death magi
  A quicksilver dragon zombie (Abyss:2)
  9 merfolk impalers
  The ghost of Patate the Fighter, a journeyman HOBe of Trog (D:12)
  2 mummy priests (WizLab)
  9 great orbs of eyes
  The ghost of Pawles22 the Covert, a journeyman OpTm of Xom (D:10)
  11 yaktaur captains
  19 fire dragons
  12 ogre magi
  8 rakshasas
  A hell beast (Depths:2)
  5 deep elf high priests
  5 vault guards
  3 death knights
  4 spriggan air magi
  6 ice dragons
  A catoblepas (Shoals:4)
  9 merfolk avatars
  10 hydras
  8 centaur warriors
  28 two-headed ogres
  2 alligator snapping turtles
  5 death yaks
  18 dancing weapons
  9 deep troll shamans
  A queen ant (D:12)
  An alligator (shapeshifter) (Vaults:4)
  5 tengu warriors
  3 merfolk aquamancers (Shoals:4)
  Urug (D:15)
  7 thrashing horrors
  An orc high priest (Elf:3)
  9 vampire magi
  5 deep troll earth magi
  11 spriggan berserkers
  6 hell knights
  5 spriggans
  6 wretched stars
  15 deep elf knights
  A fire crab (Shoals:2)
  5 iron trolls
  A shadow wraith (Abyss:1)
  A skeletal warrior (D:13)
  A sixfirhy (Zot:5)
  2 spatial maelstroms (Abyss:3)
  8 unseen horrors
  10 large abominations
  12 sea snakes
  5 glowing orange brains
  A death drake (Abyss:1)
  21 deep trolls
  10 starcursed masses (Abyss:3)
  A flayed ghost (Vaults:4)
  7 wizards
  8 deep elf archers
  A tengu zombie (Depths:3)
  A phantasmal warrior (D:14)
  8 ironbrand convokers
  17 harpies
  11 necromancers
  A shadow dragon zombie (Abyss:3)
  3 oklob plants
  46 deep elf magi
  17 orb spiders
  40 ugly things
  A shadow dragon skeleton (Vaults:3)
  A frost giant zombie (WizLab)
  26 wolf spiders
  A tengu skeleton (Vaults:3)
  6 orc sorcerers
  9 orc knights
  21 moths of wrath
  3 fauns (Shoals:1)
  A worldbinder (Abyss:2)
  14 cyclopes
  A stone giant zombie (Depths:3)
  Maurice (Orc:1)
  18 manticores
  2 stone giant skeletons (Vaults:3)
  3 water nymphs
  Joseph (D:7)
  A salamander (shapeshifter) (Vaults:1)
  An ice statue (IceCv)
  A guardian serpent (Abyss:1)
  2 rust devils
  A black mamba (Lair:5)
  3 apocalypse crabs (Zot:2)
  2 fire giant skeletons (Vaults:3)
  20 vault sentinels
  Psyche (D:11)
  13 merfolk sirens
  2 orange demons
  3 smoke demons
  A dire elephant zombie (Abyss:3)
  2 torpor snails
  17 spiny frogs
  A demonspawn zombie (WizLab)
  13 demonic crawlers
  2 efreet
  A yaktaur zombie (WizLab)
  3 anaconda simulacra (IceCv)
  2 human zombies
  A rime drake (shapeshifter) (Vaults:2)
  2 spriggan zombies (WizLab)
  A rime drake (Lair:2)
  7 centaur skeletons
  10 komodo dragons
  6 freezing wraiths
  39 yaktaurs
  A guardian mummy (WizLab)
  6 ancient zymes
  2 tengu conjurers
  2 hellwings
  An ice devil (IceCv)
  A yaktaur skeleton (Vaults:2)
  2 trolls (shapeshifter)
  A meliai (shapeshifter) (Vaults:2)
  21 merfolk
  2 queen bees
  5 tyrant leeches
  A polar bear (shapeshifter) (Depths:3)
  A red devil (Depths:3)
  7 trolls
  5 wind drakes
  14 meliai
  31 jumping spiders
  41 slime creatures
  32 blink frogs
  8 raiju (Abyss:3)
  A wolf spider simulacrum (IceCv)
  5 snapping turtles
  24 hornets
  A snapping turtle (shapeshifter) (Depths:4)
  An ettin zombie (WizLab)
  A meliai zombie (D:12)
  13 hippogriffs
  A frost giant simulacrum (Vaults:3)
  4 air elementals
  An ice dragon skeleton (Abyss:1)
  8 water elementals
  3 wyverns
  3 ynoxinuls
  70 redbacks
  29 tarantellas
  4 wraiths
  A hog (shapeshifter) (Depths:3)
  3 dire elephant simulacra (IceCv)
  2 fire elementals
  2 yaks (shapeshifter)
  42 yaks
  4 fire bats
  A human (shapeshifter) (Depths:3)
  4 basilisks
  15 humans (D:14)
  2 neqoxecs (Abyss:3)
  5 chaos spawn
  6 hungry ghosts
  A steam dragon (Lair:4)
  A spatial vortex (Abyss:3)
  A death yak simulacrum (IceCv)
  2 human simulacra
  9 vampire mosquitoes
  A harpy simulacrum (IceCv)
  2 wargs
  11 soldier ants (D:12)
  2 acid dragons
  A floating eye (Depths:3)
  9 porcupines
  10 water moccasins
  A floating eye (shapeshifter) (Depths:3)
  36 orc warriors
  16 small abominations
  An ice beast (D:11)
  6 sky beasts
  An eye of draining (Abyss:3)
  3 phantoms
  An ettin simulacrum (Abyss:3)
  2 necrophages
  3 black bears
  10 boggarts
  13 wolves
  20 ogres
  12 centaurs
  13 crocodiles
  The ghost of grindst0ne the Sneak, an amateur OpEE (D:3)
  2 big kobolds
  25 bullfrogs
  6 earth elementals
  A glowing shapeshifter simulacrum (Vaults:3)
  A deep troll simulacrum (Vaults:3)
  A human skeleton (Vaults:2)
  6 scorpions
  34 killer bees
  14 wights
  2 electric eels
  5 spriggan skeletons
  8 crimson imps
  2 centaur zombies
  A quasit (Abyss:3)
  A bullfrog zombie (D:5)
  2 bullfrog skeletons
  2 draconian simulacra (IceCv)
  11 hounds
  5 jellies
  21 orc priests
  35 orc wizards
  10 iguanas
  32 worker ants
  2 troll simulacra (IceCv)
  2 wolf simulacra (IceCv)
  2 centaur simulacra (IceCv)
  2 hound zombies (D:7)
  2 hound skeletons (D:6)
  6 gnolls (D:3)
  A river rat (Sewer)
  13 adders
  An ogre simulacrum (IceCv)
  A river rat (shapeshifter) (Elf:1)
  3 naga simulacra (IceCv)
  9 white imps
  7 ufetubi
  An adder zombie (D:8)
  An ooze (D:1)
  8 worms
  A dart slug (D:2)
  4 leopard geckos
  83 orcs
  9 giant cockroaches
  7 goblins
  5 hobgoblins
  6 quokkas
  3 bats
  10 frilled lizards
  11 kobolds
  7 rats
  A bush (Lair:6)
  2 crawling corpses (Elf:3)
  9 fungi
  53 plants
  4 starspawn tentacles (Abyss:2)
2225 creatures vanquished.

Vanquished Creatures (collateral kills)
  A curse toe (Zot:2)
  A deep elf blademaster (Elf:3)
  Polyphemus (Shoals:4)
  Frances (D:13)
  Kirke (Spider:3)
  A vault warden (Vaults:2)
  2 deep elf elementalists
  An ironheart preserver (Vaults:2)
  A black draconian (Depths:5)
  The ghost of whitenoisemaker the Peltast, a journeyman TrMo of Elyvilon (Lair:6)
  A deep elf annihilator (Elf:3)
  3 merfolk impalers (Shoals:4)
  A deep elf death mage (Vaults:4)
  A fire dragon (Vaults:1)
  2 yaktaur captains
  An ogre mage (Vaults:2)
  A vault guard (Vaults:1)
  A death yak (Shoals:4)
  8 two-headed ogres
  2 deep trolls
  A glowing orange brain (Vaults:1)
  An orc knight (Vaults:4)
  3 orb spiders
  A fire giant zombie (WizLab)
  A manticore (Shoals:4)
  3 deep elf magi
  An oklob plant (D:10)
  A wolf spider (Spider:4)
  A vault sentinel (Vaults:4)
  An apocalypse crab (Zot:2)
  8 yaktaurs
  A demonic crawler (Spider:4)
  An ice devil (IceCv)
  An anaconda simulacrum (IceCv)
  A hellwing (D:2)
  A guardian mummy (WizLab)
  2 merfolk (Shoals:4)
  2 jumping spiders (Spider:4)
  A hornet (Spider:4)
  A snapping turtle (Shoals:4)
  7 redbacks (Spider:4)
  4 tarantellas
  A warg (Vaults:4)
  2 harpy simulacra (IceCv)
  A hydra simulacrum (IceCv)
  4 orc warriors
  4 ogres
  A centaur (Shoals:4)
  A bullfrog (Lair:6)
  A human zombie (WizLab)
  2 naga simulacra (IceCv)
  An ogre simulacrum (IceCv)
  An ufetubus (IceCv)
  An orc (Vaults:1)
  A kobold (D:13)
97 creatures vanquished.

Vanquished Creatures (others)
  A shadow dragon (Zot:1)
  2 draconian knights (Zot:1)
  A draconian shifter (Zot:1)
  A wizard (Depths:1)
  An orb spider (Spider:2)
  A troll (Depths:1)
  6 humans (Spider:3)
  A quasit (Abyss:3)
  A white imp (IceCv)
  2 ufetubi (IceCv)
  33 fungi
  A lurking horror (Abyss:1)
  88 plants
  7 starspawn tentacles
  8 tentacles (Shoals:2)
154 creatures vanquished.

Grand Total: 2476 creatures vanquished

Notes
Turn   | Place    | Note
-------+----------+-------------------------------------------
     0 | D:1      | toftt the Minotaur Berserker began the quest for the Orb.
     0 | D:1      | Reached XP level 1. HP: 19/19 MP: 0/0
   213 | D:1      | Reached XP level 2. HP: 26/27 MP: 1/1
  1174 | D:2      | Reached XP level 3. HP: 28/33 MP: 2/2
  1375 | D:2      | Reached ** piety under Trog
  1549 | D:2      | Reached skill level 5 in Axes
  2149 | D:3      | Noticed grindst0ne's ghost (amateur OpEE)
  2182 | D:3      | Killed grindst0ne's ghost
  2182 | D:3      | Reached XP level 4. HP: 40/40 MP: 3/3
  2296 | D:3      | Reached XP level 5. HP: 46/46 MP: 4/4
  2789 | D:3      | Found a stormy altar of Qazlal.
  3005 | D:3      | Reached *** piety under Trog
  3147 | D:3      | Reached XP level 6. HP: 46/52 MP: 5/5
  3455 | D:4      | Found a glowing drain.
  3512 | Sewer    | Entered a sewer
  3762 | Sewer    | Found a white marble altar of Elyvilon.
  4011 | D:4      | Found a staircase to the Ecumenical Temple.
  4066 | D:4      | Reached XP level 7. HP: 58/58 MP: 6/6
  4679 | D:4      | Reached skill level 10 in Axes
  4917 | D:5      | Entered Level 5 of the Dungeon
  6170 | D:5      | Found a glowing golden altar of the Shining One.
  6270 | D:6      | Reached XP level 8. HP: 66/66 MP: 7/7
  6811 | D:6      | Found a hazy altar of Hepliaklqana.
  6954 | D:6      | Found a glowing silver altar of Zin.
  7472 | D:6      | Found a shattered altar of Ashenzari.
  7552 | D:6      | Reached **** piety under Trog
  7552 | D:6      | Received a gift from Trog
  7824 | D:7      | Noticed Joseph
  7911 | D:7      | Paralysed by Joseph for 5 turns
  7920 | D:7      | Killed Joseph
  8423 | D:7      | Found an ancient bone altar of Kikubaaqudgha.
  8423 | D:7      | Found a shattered altar of Ashenzari.
  8630 | D:7      | Reached XP level 9. HP: 71/71 MP: 8/8
  9066 | D:7      | Gained mutation: You have sharp toenails. [potion of mutation]
  9066 | D:7      | Gained mutation: You are weak. (Str -2) [potion of mutation]
  9066 | D:7      | Gained mutation: Your body sometimes deteriorates upon taking damage. [potion of mutation]
  9066 | D:7      | Gained mutation: You evolve. [potion of mutation]
  9569 | D:7      | Reached skill level 5 in Fighting
  9763 | D:7      | Found a hide-covered altar of Uskayaw.
  9764 | D:7      | Noticed a hand axe
  9765 | D:7      | Noticed a hand axe
 10051 | D:7      | Lost mutation: You are weak. (Str -2) [evolution]
 10164 | D:7      | Reached skill level 5 in Armour
 11048 | D:8      | Noticed a two-headed ogre
 11053 | D:8      | Killed a two-headed ogre
 11053 | D:8      | Reached XP level 10. HP: 85/86 MP: 1/9
 11119 | D:8      | Found an ornate altar of the Wu Jian Council.
 11846 | D:8      | You fall through a shaft!
 11983 | D:9      | Noticed a two-headed ogre
 12002 | D:9      | Killed a two-headed ogre
 12067 | D:9      | Noticed a two-headed ogre
 12086 | D:9      | Killed a two-headed ogre
 12337 | D:9      | Found an ornate altar of the Wu Jian Council.
 12528 | D:9      | Found a bloodstained altar of Trog.
 13226 | D:10     | Entered Level 10 of the Dungeon
 13229 | D:10     | Noticed Pawles22's ghost (journeyman OpTm)
 13370 | D:10     | Reached skill level 10 in Fighting
 13522 | D:10     | Reached XP level 11. HP: 99/99 MP: 3/10
 13524 | D:10     | Reached ***** piety under Trog
 13626 | D:10     | Reached skill level 10 in Armour
 14113 | D:10     | Reached skill level 15 in Axes
 14311 | D:10     | Killed Pawles22's ghost
 14583 | D:10     | Noticed an unseen horror
 14948 | D:10     | Found a blossoming altar of Fedhas.
 14950 | D:10     | Noticed an oklob plant
 14950 | D:10     | Noticed an oklob plant
 15065 | D:10     | Killed an unseen horror
 15524 | D:11     | Received a gift from Trog
 15723 | D:11     | Found a staircase to the Orcish Mines.
 15731 | D:11     | Found a blossoming altar of Fedhas.
 15761 | D:11     | Found a staircase to the Lair.
 15795 | D:11     | Noticed a five-headed hydra
 15804 | D:11     | Killed an eight-headed hydra
 16449 | D:11     | Noticed Psyche
 16459 | D:11     | Killed Psyche
 16579 | D:11     | Noticed an unseen horror
 16594 | D:11     | Killed an unseen horror
 16606 | D:11     | Noticed an eight-headed hydra
 16613 | D:11     | Killed a 12-headed hydra
 16613 | D:11     | Reached XP level 12. HP: 112/112 MP: 3/11
 17261 | Lair:1   | Entered Level 1 of the Lair of Beasts
 17389 | Lair:1   | Noticed a six-headed hydra
 17401 | Lair:1   | Killed an 11-headed hydra
 17415 | Lair:1   | Reached skill level 5 in Dodging
 18724 | Lair:2   | Noticed a four-headed hydra
 18732 | Lair:2   | Killed a seven-headed hydra
 19016 | Lair:1   | Received a gift from Trog
 19429 | Lair:1   | Gained mutation: Your body often deteriorates upon taking damage. [evolution]
 20292 | Lair:3   | Found an ornate altar of the Wu Jian Council.
 20321 | Lair:3   | Found a hole to the Spider Nest.
 20416 | Lair:3   | Noticed a six-headed hydra
 20537 | Lair:3   | Killed a ten-headed hydra
 20750 | Lair:3   | Reached XP level 13. HP: 114/122 MP: 4/12
 21347 | Lair:3   | Found a staircase to the Shoals.
 22388 | Lair:4   | You fall through a shaft for 2 floors!
 22388 | Lair:6   | Entered Level 6 of the Lair of Beasts
 22488 | Lair:6   | Noticed Nessos
 22497 | Lair:6   | Killed Nessos
 22682 | Lair:6   | Noticed whitenoisemaker's ghost (journeyman TrMo)
 22693 | Lair:6   | Killed whitenoisemaker's ghost
 23066 | Lair:5   | Received a gift from Trog
 24056 | Lair:5   | Found a staircase to the Slime Pits.
 24819 | Lair:5   | Reached XP level 14. HP: 132/132 MP: 4/13
 25443 | Lair:6   | Noticed Rupert
 25815 | Lair:6   | Paralysed by Rupert for 7 turns
 25832 | Lair:5   | Killed Rupert
 27210 | Lair:5   | Upgraded the game from 0.22-a0-346-ga714374 to 0.22-a0-348-gd16d139
 27378 | Orc:1    | Entered Level 1 of the Orcish Mines
 27378 | Orc:1    | Found Tyru's Assorted Antiques.
 27378 | Orc:1    | Noticed Maurice
 27449 | Orc:1    | Killed Maurice
 27479 | Orc:1    | Bought a potion of heal wounds for 130 gold pieces
 27501 | Orc:1    | Noticed Gastronok
 27734 | Orc:1    | Killed Gastronok
 27894 | Orc:2    | Entered Level 2 of the Orcish Mines
 27894 | Orc:2    | Found Nyvam's Jewellery Emporium.
 27997 | Orc:2    | Found Rib Jank's General Store.
 28099 | Orc:2    | Received a gift from Trog
 28400 | Orc:2    | Bought a scroll of enchant weapon for 105 gold pieces
 28467 | Orc:2    | Noticed a stone giant
 28611 | Orc:2    | Killed a stone giant
 29068 | Orc:2    | Bought an uncursed ring of poison resistance for 360 gold pieces
 29075 | Orc:2    | Found a staircase to the Elven Halls.
 29536 | Orc:2    | Found Varoejuk's Antique Weapon Emporium.
 29662 | Orc:2    | Found Unwyorr's Antique Armour Shop.
 29670 | Orc:2    | Bought a pair of transparent gloves for 266 gold pieces
 29680 | Orc:2    | Identified the +1 pair of gloves "Soffuxan" {+Blink Regen+ MP+9 Str+4} (You bought it in a shop on level 2 of the Orcish Mines)
 29688 | Orc:2    | Gained mutation: You possess an exceptional clarity of mind. [evolution]
 29837 | Orc:1    | Found a roughly hewn altar of Beogh.
 30116 | D:12     | Noticed Patate's ghost (journeyman HOBe)
 30185 | D:12     | Reached skill level 10 in Dodging
 30210 | D:12     | Killed Patate's ghost
 30588 | D:12     | Reached skill level 15 in Fighting
 30734 | D:12     | Reached XP level 15. HP: 140/141 MP: 14/14
 30998 | D:12     | Lost mutation: Your body often deteriorates upon taking damage. [evolution]
 31231 | D:12     | Reached skill level 15 in Armour
 32025 | D:13     | Noticed Frances
 32041 | D:13     | Killed Frances
 32161 | D:13     | Found a basalt altar of Yredelemnul.
 32604 | D:14     | Reached ****** piety under Trog
 32670 | D:14     | Received a gift from Trog
 33295 | D:15     | Entered Level 15 of the Dungeon
 33448 | D:15     | Found Idghegup's Antique Weapon Emporium.
 33590 | D:15     | Noticed Urug
 33611 | D:15     | Killed Urug
 33686 | D:15     | Found a staircase to the Depths.
 33988 | Spider:1 | Entered Level 1 of the Spider Nest
 34004 | Spider:1 | Found a frozen archway.
 34069 | IceCv    | Entered an ice cave
 34256 | IceCv    | Gained mutation: You expend magic power (3 MP) to strengthen your wands. [evolution]
 34838 | IceCv    | Noticed an Ice Fiend
 35556 | Spider:1 | Noticed Asterion
 35594 | Spider:1 | Killed Asterion
 35594 | Spider:1 | Reached XP level 16. HP: 83/152 MP: 8/15
 36056 | Spider:1 | Received a gift from Trog
 36660 | Spider:2 | Noticed Louise
 36684 | Spider:2 | Killed Louise
 37193 | Spider:2 | Gained mutation: Your flesh is heat resistant. (rF+) [evolution]
 37193 | Spider:2 | Lost mutation: You evolve. [end of evolution]
 37721 | Spider:3 | Noticed Kirke
 37739 | Spider:3 | Killed Kirke
 37758 | Spider:3 | Noticed Arachne
 37766 | Spider:3 | Killed Arachne
 37766 | Spider:3 | Received a gift from Trog
 38509 | Spider:4 | Entered Level 4 of the Spider Nest
 38821 | Spider:4 | Received a gift from Trog
 39154 | Spider:4 | Reached XP level 17. HP: 121/163 MP: 16/16
 40299 | Shoals:1 | Entered Level 1 of the Shoals
 41581 | Spider:4 | Got a gossamer rune of Zot
 42362 | D:14     | Received a gift from Trog
 42485 | D:14     | Found a gate to the Vaults.
 42622 | D:14     | Got a crude battleaxe {god gift}
 42623 | D:14     | Identified the +10 battleaxe of Welfare {chop, Int+5} (Trog gifted it to you on level 14 of the Dungeon)
 42811 | Vaults:1 | Entered Level 1 of the Vaults
 42822 | Vaults:1 | Found a shattered altar of Ashenzari.
 43180 | Vaults:1 | Found a flickering gateway to a bazaar.
 43185 | Bazaar   | Entered a bazaar
 43187 | Bazaar   | Found Nugg's Armour Boutique.
 43234 | Bazaar   | Found Setikix's Distillery.
 43234 | Bazaar   | Found Bucw's Gadget Boutique.
 43235 | Bazaar   | Found Vairchaz's Antique Weapon Boutique.
 43266 | Bazaar   | Bought a +3 plate armour of magic resistance for 360 gold pieces
 43266 | Bazaar   | Bought the +0 cloak "Abeokowk" {Slay+3} for 192 gold pieces
 43286 | Bazaar   | Bought a potion of curing for 42 gold pieces
 43286 | Bazaar   | Bought a potion of haste for 140 gold pieces
 43399 | Vaults:1 | Found a magical portal.
 43408 | WizLab   | Entered Doroklohe's Tomb
 43661 | WizLab   | Noticed a greater mummy
 43675 | WizLab   | Killed a greater mummy
 43706 | WizLab   | Received a gift from Trog
 44178 | Vaults:1 | You fall through a shaft!
 44191 | Vaults:2 | Reached XP level 18. HP: 176/176 MP: 17/17
 45568 | Vaults:2 | Found a staircase to the Crypt.
 45647 | Vaults:2 | Received a gift from Trog
 45803 | Vaults:2 | Paralysed by an ogre mage for 7 turns
 47443 | Vaults:3 | Received a gift from Trog
 47560 | Vaults:3 | Found Gimmuhiro's Distillery.
 47658 | Vaults:3 | Reached XP level 19. HP: 179/184 MP: 18/18
 47701 | Vaults:3 | Bought a potion of agility for 60 gold pieces
 47701 | Vaults:3 | Bought a potion of might for 60 gold pieces
 47701 | Vaults:3 | Bought 2 potions of heal wounds for 150 gold pieces
 47701 | Vaults:3 | Bought a potion of heal wounds for 75 gold pieces
 47701 | Vaults:3 | Bought a potion of heal wounds for 75 gold pieces
 47701 | Vaults:3 | Bought 2 potions of heal wounds for 150 gold pieces
 47701 | Vaults:3 | Bought a potion of haste for 150 gold pieces
 48988 | Vaults:3 | Noticed Sojobo
 49000 | Vaults:3 | Killed Sojobo
 49000 | Vaults:3 | Reached skill level 15 in Dodging
 49924 | Vaults:4 | Got a shimmering shield
 50000 | Vaults:3 | Identified the +9 shield of the Good {+Inv} (You found it on level 4 of the Vaults)
 50268 | Vaults:4 | Received a gift from Trog
 50271 | Vaults:4 | Got a crude battleaxe {god gift}
 50272 | Vaults:4 | Identified the +5 battleaxe "Worm" {holy, Dex+3} (Trog gifted it to you on level 4 of the Vaults)
 51097 | Vaults:4 | Received a gift from Trog
 51427 | Vaults:4 | Reached XP level 20. HP: 195/195 MP: 19/19
 53790 | Shoals:3 | Received a gift from Trog
 54838 | Shoals:4 | Entered Level 4 of the Shoals
 55898 | Shoals:4 | Received a gift from Trog
 55901 | Shoals:4 | Got a smoking battleaxe {god gift}
 55902 | Shoals:4 | Identified the +4 battleaxe of Overwhelming Force {venom, rElec SInv} (Trog gifted it to you on level 4 of the Shoals)
 56005 | Shoals:4 | Noticed Polyphemus
 56021 | Shoals:4 | Killed Polyphemus
 56233 | Shoals:4 | Noticed Ilsuiw
 56284 | Shoals:4 | Killed Ilsuiw
 56772 | Shoals:4 | Got a barnacled rune of Zot
 57571 | Elf:1    | Entered Level 1 of the Elven Halls
 57585 | Orc:2    | Received a gift from Trog
 57992 | Elf:1    | Noticed galech's ghost (adept TrMo)
 58043 | Elf:1    | Killed galech's ghost
 58504 | Elf:1    | Reached XP level 21. HP: 204/204 MP: 9/20
 58939 | Elf:1    | Noticed RoseArtemis's ghost (adept MiFi)
 58996 | Elf:1    | Killed RoseArtemis's ghost
 59075 | Elf:2    | Found Xageiq's Armour Boutique.
 59397 | Elf:2    | Received a gift from Trog
 59514 | Elf:2    | Found a runed gate.
 59514 | Elf:2    | Found a runed gate.
 59692 | Elf:2    | Found a runed gate.
 59893 | Elf:3    | Entered Level 3 of the Elven Halls
 60190 | Elf:3    | Gained mutation: You evolve. [a neqoxec]
 60204 | Elf:3    | Received a gift from Trog
 60978 | Elf:3    | Received a gift from Trog
 63035 | Lair:6   | Got an encrusted leather armour
 63046 | Lair:6   | Identified the cursed +0 leather armour of the Assorted Blessings {rPois Int+2} (You found it on level 6 of the Lair of Beasts)
 63260 | Depths:1 | Entered Level 1 of the Depths
 63419 | Depths:1 | Received a gift from Trog
 63421 | Depths:1 | Noticed Nikola
 63549 | D:15     | Killed Nikola
 63813 | Depths:1 | Noticed Saint Roka
 64482 | Depths:1 | Killed Saint Roka
 64890 | Depths:1 | Reached XP level 22. HP: 189/215 MP: 21/21
 64973 | Depths:1 | Found a gateway to Hell.
 65368 | Depths:1 | Found a one-way gate to the infinite horrors of the Abyss.
 65437 | Depths:2 | Found a gateway to a ziggurat.
 65437 | Depths:2 | Noticed an ancient lich
 65522 | Depths:2 | Received a gift from Trog
 65542 | Depths:2 | Noticed a juggernaut
 65851 | Depths:2 | Identified 2 scrolls of acquirement
 66006 | Depths:2 | Found a one-way gate leading to the halls of Pandemonium.
 66360 | Depths:2 | Found a transporter.
 67134 | Depths:3 | Found an ancient bone altar of Kikubaaqudgha.
 67138 | Depths:3 | Found a sacrificial altar of Ru.
 67140 | Depths:3 | Found a hide-covered altar of Uskayaw.
 67593 | Depths:3 | Paralysed by a floating eye for 4 turns
 67837 | Depths:3 | Received a gift from Trog
 68335 | Depths:3 | Noticed a juggernaut
 68344 | Depths:3 | Killed a juggernaut
 68535 | Depths:3 | Noticed a caustic shrike
 68541 | Depths:3 | Killed a caustic shrike
 68647 | Depths:3 | Received a gift from Trog
 68886 | Depths:3 | Reached XP level 23. HP: 227/227 MP: 10/22
 68888 | Depths:3 | Got a transparent marble ring
 68974 | Depths:3 | Gained mutation: You have a pair of large horns on your head. [evolution]
 69177 | D:13     | Identified the ring "Piwo" {rC+ rN+} (You took it off an ogre mage on level 3 of the Depths)
 69768 | Depths:4 | Found a hide-covered altar of Uskayaw.
 70447 | Depths:4 | Received a gift from Trog
 70727 | Depths:4 | Found the +6 Majin-Bo {vamp, Archmagi MP+6 Int+6}
 70853 | Depths:4 | Received a gift from Trog
 71411 | Depths:5 | Entered Level 5 of the Depths
 71425 | Depths:5 | Noticed Jory
 71563 | Depths:5 | Killed Jory
 71563 | Depths:5 | Received a gift from Trog
 71848 | Depths:1 | Identified the +2 cloak of the Forest {*Slow rElec MR+ Dex+4} (You acquired it on level 1 of the Depths)
 72450 | Depths:5 | Identified a +1 pair of boots of running (You found it on level 5 of the Depths)
 72650 | Depths:5 | Noticed a juggernaut
 72664 | Depths:5 | Killed a juggernaut
 72683 | Depths:5 | Found Dumel's Jewellery Shoppe.
 72683 | Depths:5 | Found Zapsal's Gadget Shop.
 72684 | Depths:5 | Found Kiafes's Jewellery Shoppe.
 72697 | Depths:5 | Bought the amulet of the Four Winds {rN+ MR+++ Clar} for 834 gold pieces
 72697 | Depths:5 | Found the amulet of the Four Winds {rN+ MR+++ Clar}
 72697 | Depths:5 | Bought a +5 ring of evasion for 1045 gold pieces
 72969 | Depths:5 | Reached skill level 1 in Evocations
 73068 | Depths:5 | Found a gate to the Realm of Zot.
 73741 | Depths:1 | Voluntarily entered the Abyss.
 73778 | Abyss:1  | Identified the +11 triple sword "Fakhat" {venom, rN+ Str+3} (You found it on level 1 of the Abyss)
 74216 | Abyss:1  | Found an ancient bone altar of Kikubaaqudgha.
 74306 | Abyss:1  | Received a gift from Trog
 74312 | Abyss:1  | Identified the +3 battleaxe of the Mouth {flame, Str+2} (Trog gifted it to you on level 1 of the Abyss)
 74344 | Abyss:2  | Reached XP level 24. HP: 226/237 MP: 24/24
 74411 | Abyss:2  | Found a corrupted altar of Lugonu.
 74481 | Abyss:2  | Found a transporter.
 74484 | Abyss:2  | Found a corrupted altar of Lugonu.
 74582 | Abyss:3  | Got an abyssal rune of Zot
 74796 | Abyss:3  | Received a gift from Trog
 74872 | Abyss:3  | Gained mutation: Your body often deteriorates upon taking damage. [a neqoxec]
 74891 | Abyss:3  | Gained mutation: Potions are less effective at restoring your health. [a neqoxec]
 74938 | Abyss:3  | Found a corrupted altar of Lugonu.
 74997 | Abyss:3  | Identified Jopal's Catalogue of Destructive Snow
 75026 | Abyss:3  | Gained mutation: You passively map a small area around you. [a neqoxec]
 75284 | Abyss:3  | Reached skill level 5 in Evocations
 75303 | Depths:1 | Escaped the Abyss
 75304 | Depths:1 | Upgraded the game from 0.22-a0-348-gd16d139 to 0.22-a0-358-g7563fe7
 75517 | Depths:5 | Bought the ring "Tolaxkou" {rF+ rN+++ Int+7 Dex-2 Stlth-} for 869 gold pieces
 75549 | Zot:1    | Entered Level 1 of the Realm of Zot
 75850 | Zot:1    | Received a gift from Trog
 76038 | Zot:1    | Noticed an orb of fire
 77314 | Zot:2    | Paralysed by you for 6 turns
 77887 | Zot:5    | Entered Level 5 of the Realm of Zot
 77998 | Zot:4    | Received a gift from Trog
 78281 | Zot:4    | Lost mutation: Your body often deteriorates upon taking damage. [evolution]
 78622 | Zot:2    | Reached XP level 25. HP: 234/248 MP: 27/27
 79285 | Zot:5    | Noticed an orb of fire
 79296 | Zot:5    | Killed an orb of fire
 80013 | Zot:5    | Noticed an ancient lich
 80024 | Zot:5    | Killed an ancient lich
 80451 | Zot:5    | Noticed an orb of fire
 80461 | Zot:5    | Gained mutation: You are frail. (-10% HP) [an orb of fire]
 80465 | Zot:5    | Killed an orb of fire
 80970 | Zot:5    | Noticed an ancient lich
 80977 | Zot:5    | Killed an ancient lich
 81128 | Zot:5    | Noticed an orb of fire
 81129 | Zot:5    | Lost mutation: You possess an exceptional clarity of mind. [an orb of fire]
 81131 | Zot:5    | Gained mutation: Armour fits poorly on your strangely shaped body. [an orb of fire]
 81149 | Zot:5    | Killed an orb of fire
 81667 | Zot:5    | Reached skill level 10 in Evocations
 81772 | Zot:5    | Noticed an orb of fire
 81792 | Zot:5    | Killed an orb of fire
 82054 | Zot:5    | Received a gift from Trog
 82168 | Zot:5    | Reached XP level 26. HP: 225/233 MP: 1/29
 83543 | Zot:5    | Got the Orb of Zot
 83859 | Depths:1 | Noticed Jeafynn the pandemonium lord
 83891 | Depths:1 | Noticed Uziulobe the pandemonium lord
 83955 | D:14     | Gained mutation: Your body often deteriorates upon taking damage. [a neqoxec]
 84283 | D:$      | Escaped with the Orb!

Vault maps used:
D:1:      dpeg_arrival_shelter
D:2:      first_ration, item_on_display_a
D:3:      nicolae_qazlal_general_emergency
D:4:      nicolae_overflow_hidden_temple, minmay_temple_entry_large_hall,
          portal_sewer_entry_f
D:5:      tso_altar, st_stairs_4
D:6:      kennysheep_mini, zin_treasury, evilmike_ruin_ashenzari
D:7:      dancing_weapons_uskayaw, gammafunk_temple_overflow_wave, uniq_joseph
D:8:      basic_altar, minivault_26, blue_anna_alchemist,
          kennysheep_cluttered_room, kennysheep_crisscross
D:9:      kennysheep_little_box, lemuel_round_altar
D:10:     hangedman_decor_lopped, hangedman_tree_tricks, hangedman_tell_no_tales
D:11:     lair_entry_dummy, orc_0_dummy, fedhas_altar_3, uniq_psyche
D:12:     minmay_another_anthill
D:13:     serial_column_ruins, column_ruins_circle_small,
          column_ruins_courtyard_long, column_ruins_columns_straight,
          column_ruins_open_tiny_water, column_ruins_open_medium,
          column_ruins_columns_T, column_ruins_open_medium,
          yredelemnul_altar_generic, uniq_frances
D:14:     grunt_vaults_entry_tiered, fountainhead
D:15:     grunt_enter_depths_hoard, minmay_misc_feat_five, serial_shops, shop,
          uniq_urug
Lair:1:   beast_lair_carwin_large_4, grunt_megastairs_4, lemuel_fruit_fields
Lair:2:   beast_lair_carwin_large_3, grunt_megastairs_2
Lair:3:   minmay_shoals_entry_lonely_mermaid, nicolae_spider_entry_non_spiders,
          basic_altar
Lair:4:   lemuel_fruit_fields
Lair:5:   slime_dummy, infiniplex_staircase_pool_2, lemuel_fruit_fields
Lair:6:   minmay_lair_end_frog_pond, uniq_rupert, uniq_nessos
Shoals:2: hangedman_shoal_volcano
Shoals:4: shoals_end_simple, shoals_ilsuiw_alternative, uniq_polyphemus
Spider:1: portal_ice_cave_entry_pillars_1, hive_lemuel, uniq_asterion
Spider:2: uniq_louise
Spider:3: nicolae_looking_at_the_future, uniq_arachne, uniq_kirke
Spider:4: spider_rune_water
Orc:1:    serial_shops, shop, basic_altar, uniq_maurice, uniq_gastronok
Orc:2:    grunt_orc_gardens, grunt_orc_garden, grunt_orc_garden,
          grunt_orc_garden, grunt_orc_garden, special_room
Elf:1:    minmay_elf_arrival_plus, orc_legates
Elf:2:    serial_shops, nicolae_shop_crystal
Elf:3:    grunt_elf_hall_branching, grunt_megastairs_3
Vaults:1: v_misc_16, v_misc_23, v_pattern_2, dpeg_vaults_monster_box,
          vaults_room_pool, basic_altar, serial_shops, bzr_entry_road,
          infiniplex_enter_wizlab_glasses
Vaults:2: ontoclasm_vaults_ring_large, minmay_crypt_entry_simple_sparse,
          hangedman_vaults_corner_blocks, nicolae_vaults_alarming,
          grunt_vaults_focal, nicolae_vaults_rhombus_5,
          nicolae_vaults_what_the_h, vaults_mumra_chevron,
          hangedman_vaults_capsules, v_misc_10, vaults_mumra_hex,
          nicolae_vaults_little_squares_1, grunt_vaults_hallway_long
Vaults:3: nicolae_vaults_big_ls, grunt_vaults_hallway_short, v_misc_11,
          v_misc_33, v_misc_11, serial_ice_g, nicolae_vaults_ring_of_whatevers,
          grunt_vaults_bifocal, nicolae_vaults_little_squares_3,
          nicolae_vaults_rhombus_7, nicolae_vaults_ring_of_whatevers,
          serial_shops, shop, uniq_sojobo
Vaults:4: vaults_mumra_lcd, v_misc_4, v_alt_pattern_2,
          nicolae_vaults_twisting_passages, nicolae_vaults_statue_guard,
          v_rooms_2, v_alt_pattern_2, nicolae_vaults_angled_halls,
          vaults_room_fours, ontoclasm_vaults_gateway
Depths:1: hangedman_decor_growths, hell_entry,
          nicolae_abyss_entry_one_way_or_another, minmay_pinched_square,
          firewood_loft, uniq_saint_roka, uniq_nikola
Depths:2: emtedronai_trogs_sanctum, enter_ziggurat_c, serial_glass,
          glass_columns_a, glass_columns_a, pf_vacation_house_of_asmodeus,
          rand_demon_pan_entry_7, hangedman_abyss_or_decor_lesser_grid
Depths:3: hangedman_slaughterboxes, hell_entry, pan_entry
Depths:4: minmay_guarded_unrand_majin_bo, abyss_entry, hell_entry,
          lemuel_crystal_altar, pan_entry
Depths:5: grunt_crosshair, minmay_misc_feat_secret_circle, hell_entry,
          minmay_shop_grove, uniq_jory
Zot:1:    st_stairs_7, nrook_zot_tub
Zot:2:    gammafunk_mikee_crab_dinner, lemuel_elevator
Zot:3:    st_stairs_14
Zot:4:    kennysheep_oblong_rooms
Abyss:2:  gammafunk_corrupted_shrine, evilmike_abyss_exit_mutagenic
Abyss:3:  grunt_abyss_rune_wretched_hive
Bazaar:   bazaar_minmay_cross
Sewer:    sewer_kobolds
IceCv:    ice_cave_caverns_02
WizLab:   wizlab_doroklohe

Skill      XL: |  1  2  3  4  5  6  7  8  9 10 11 12 13 14 15 16 17 18 19 20 21 22 23 24 25 |
---------------+----------------------------------------------------------------------------+-----
Axes           | 4 6 7 9 11 13 14 15 17 18 19 20 21 22 23 25 26 | 26.0
Fighting       | 7 10 12 13 14 15 16 18 19 20 21 22 23 24 25 26 | 26.2
Armour         | 6 9 11 12 13 14 16 17 18 19 20 21 22 23 24 25 26 | 26.1
Dodging        | 4 6 8 10 12 14 15 16 17 19 20 21 22 | 22.3
Evocations     | 3 7 10 | 10.8

Action                   |  1- 3 |  4- 6 |  7- 9 | 10-12 | 13-15 | 16-18 | 19-21 | 22-24 | 25-27 || total
-------------------------+-------+-------+-------+-------+-------+-------+-------+-------+-------++-------
Melee: Hand axe          |    83 |   113 |   328 |   457 |       |       |       |       |       ||   981
       Headbutt          |    11 |    17 |    76 |   171 |   236 |   251 |   315 |   388 |   105 ||  1570
       Battleaxe         |       |       |       |   350 |  1156 |  1070 |  1330 |  1226 |    37 ||  5169
       Executioner's axe |       |       |       |       |       |       |       |    72 |   270 ||   342
Invok: Berserk           |     2 |     7 |    22 |    31 |    30 |     3 |     4 |     3 |       ||   102
       Trog's Hand       |       |       |     2 |       |     4 |    14 |    11 |    20 |     5 ||    56
       Brothers in Arms  |       |       |       |       |     5 |    12 |    17 |     6 |     2 ||    42
 Abil: Evoke Blink       |       |       |       |       |     1 |       |       |       |       ||     1
Evoke: Wand              |       |       |       |       |     5 |    13 |    14 |     1 |    11 ||    44
  Use: Scroll            |       |     5 |    12 |     9 |    10 |     8 |     2 |    28 |     6 ||    80
       Potion            |       |       |     9 |     4 |    11 |     3 |    11 |       |    16 ||    54
 Stab: Paralysed         |       |       |       |       |     2 |       |       |       |       ||     2
       Distracted        |       |       |       |       |       |     3 |     1 |       |       ||     4
  Eat: Chunk             |     3 |     8 |    21 |    43 |    35 |    15 |    34 |    19 |     1 ||   179
       Ration            |     1 |     1 |     6 |     7 |    13 |    11 |    11 |    11 |     7 ||    68
Armor: Animal skin       |    15 |     5 |     5 |       |       |       |       |       |       ||    25
       Scale mail        |       |       |    56 |       |       |       |       |       |       ||    56
       Plate armour      |       |       |    34 |   448 |   555 |   514 |   668 |   591 |    84 ||  2894
       Skin              |       |       |    15 |       |       |       |       |       |       ||    15
Dodge: Dodged            |    46 |    53 |    96 |   293 |   533 |   625 |   829 |   798 |   198 ||  3471

Table legend:
 A = Spawn XP
 B = Non-spawn XP
 C = Spawn XP percentage of total XP
 D = Spawn monster count
 E = Non-spawn monster count
 F = Spawn count percentage of total count
 G = Total turns spent on level
                    A         B        C        D         E        F      G
               +---------+---------+-------+---------+---------+-------+---------
         Total |   34888 | 1310559 |   2.6 |      70 |    2178 |   3.1 | 84283
               +---------+---------+-------+---------+---------+-------+---------
           D:1 |       0 |      37 |   0.0 |       0 |      22 |   0.0 |  1100
           D:2 |       0 |      57 |   0.0 |       0 |      12 |   0.0 |  1280
           D:3 |       0 |     333 |   0.0 |       0 |      35 |   0.0 |  1086
           D:4 |       0 |     512 |   0.0 |       0 |      18 |   0.0 |  1389
           D:5 |       0 |     367 |   0.0 |       0 |      11 |   0.0 |  1441
           D:6 |       0 |     653 |   0.0 |       0 |      13 |   0.0 |  1833
           D:7 |       0 |    2482 |   0.0 |       0 |      38 |   0.0 |  2334
           D:8 |       0 |    1880 |   0.0 |       0 |      14 |   0.0 |  1447
           D:9 |       0 |    3592 |   0.0 |       0 |      31 |   0.0 |  1482
          D:10 |       0 |    8291 |   0.0 |       0 |      48 |   0.0 |  2271
          D:11 |       0 |    7169 |   0.0 |       0 |      33 |   0.0 |  2220
          D:12 |       0 |   18991 |   0.0 |       0 |      82 |   0.0 |  1440
          D:13 |       0 |    8076 |   0.0 |       0 |      27 |   0.0 |  1291
          D:14 |       0 |   25242 |   0.0 |       0 |      65 |   0.0 |  1736
          D:15 |       0 |   25845 |   0.0 |       0 |      44 |   0.0 |  1905
        Lair:1 |       0 |    6384 |   0.0 |       0 |      28 |   0.0 |  1895
        Lair:2 |       0 |    5340 |   0.0 |       0 |      30 |   0.0 |  1267
        Lair:3 |       0 |    5306 |   0.0 |       0 |      28 |   0.0 |  2194
        Lair:4 |       0 |    4274 |   0.0 |       0 |      21 |   0.0 |  1509
        Lair:5 |       0 |   11328 |   0.0 |       0 |      25 |   0.0 |  1590
        Lair:6 |       0 |   22542 |   0.0 |       0 |      72 |   0.0 |  2835
      Shoals:1 |       0 |   14691 |   0.0 |       0 |      27 |   0.0 |  1089
      Shoals:2 |       0 |   17945 |   0.0 |       0 |      33 |   0.0 |  1108
      Shoals:3 |       0 |   12307 |   0.0 |       0 |      22 |   0.0 |  1179
      Shoals:4 |       0 |   39298 |   0.0 |       0 |      62 |   0.0 |  2176
      Spider:1 |       0 |   21434 |   0.0 |       0 |      69 |   0.0 |  1572
      Spider:2 |       0 |   17408 |   0.0 |       0 |      42 |   0.0 |  1107
      Spider:3 |       0 |   19185 |   0.0 |       0 |      56 |   0.0 |  1473
      Spider:4 |       0 |   34378 |   0.0 |       0 |      92 |   0.0 |  2116
         Orc:1 |       0 |    3726 |   0.0 |       0 |      16 |   0.0 |   746
         Orc:2 |       0 |   14004 |   0.0 |       0 |      47 |   0.0 |  2132
         Elf:1 |       0 |   35255 |   0.0 |       0 |      54 |   0.0 |  1230
         Elf:2 |       0 |   16668 |   0.0 |       0 |      26 |   0.0 |   846
         Elf:3 |       0 |   57115 |   0.0 |       0 |      58 |   0.0 |  2569
      Vaults:1 |       0 |   33711 |   0.0 |       0 |      75 |   0.0 |  1775
      Vaults:2 |       0 |   55526 |   0.0 |       0 |      96 |   0.0 |  1804
      Vaults:3 |       0 |   63835 |   0.0 |       0 |      83 |   0.0 |  2709
      Vaults:4 |       0 |   62652 |   0.0 |       0 |     101 |   0.0 |  2219
      Depths:1 |       0 |   29465 |   0.0 |       0 |      30 |   0.0 |  1186
      Depths:2 |       0 |   22299 |   0.0 |       0 |      28 |   0.0 |  1519
      Depths:3 |       0 |  105873 |   0.0 |       0 |      86 |   0.0 |  2908
      Depths:4 |       0 |   52719 |   0.0 |       0 |      51 |   0.0 |  2197
      Depths:5 |       0 |   56464 |   0.0 |       0 |      43 |   0.0 |  1971
         Zot:1 |       0 |   49693 |   0.0 |       0 |      35 |   0.0 |  1712
         Zot:2 |       0 |   18283 |   0.0 |       0 |      13 |   0.0 |   515
         Zot:3 |       0 |   33288 |   0.0 |       0 |      21 |   0.0 |   495
         Zot:4 |       0 |    7247 |   0.0 |       0 |       5 |   0.0 |   476
         Zot:5 |       0 |  206031 |   0.0 |       0 |      71 |   0.0 |  4740
       Abyss:1 |   14994 |   13368 |  52.9 |      19 |      17 |  52.8 |   588
       Abyss:2 |    3948 |    2400 |  62.2 |      14 |       1 |  93.3 |   185
       Abyss:3 |   15946 |   19984 |  44.4 |      37 |      57 |  39.4 |   789
         Sewer |       0 |     118 |   0.0 |       0 |       9 |   0.0 |   296
         IceCv |       0 |    4495 |   0.0 |       0 |      42 |   0.0 |   874
        WizLab |       0 |   10993 |   0.0 |       0 |      13 |   0.0 |   309
               +---------+---------+-------+---------+---------+-------+---------
